 Dungeon Crawl Stone Soup version 0.28.0-1-gb440e238dd (webtiles) character file.

Game seed: 11262428608851264137

396 Ablot the Grasshopper (level 6, -1/76 HPs)
             Began as a Gnoll Warper on Feb 22, 2022.
             Succumbed to a scorpion's poison
             ... on level 4 of the Dungeon.
             The game lasted 00:07:56 (4708 turns).

Ablot the Grasshopper (Gnoll Warper)                Turns: 4708, Time: 00:07:57

Health: -1/76      AC: 23    Str: 12    XL:     6   Next: 82%
Magic:  14/14      EV:  2    Int: 13    God:
Gold:   126        SH:  0    Dex: 11    Spells: 13/15 levels left

rFire   . . .      SeeInvis .   a - +0 spear
rCold   . . .      Faith    .   (no shield)
rNeg    . . .      Spirit   .   (armour currently unavailable)
rPois   +          Reflect  .   (helmet currently unavailable)
rElec   .          Harm     .   (cloak currently unavailable)
rCorr   .          Rampage  .   (gloves currently unavailable)
Will    .....      NoTele   +   (boots currently unavailable)
Stlth   ++........              z - amulet of magic regeneration
HPRegen 0.22/turn               (no ring)
MPRegen 0.54/turn               (no ring)

@: lethally poisoned (-1 -> -9), tree-form
A: stationary, stasis, torment immunity, boosted hp, (fangs 1), strong nose,
distributed training
a: no special abilities


You were on level 4 of the Dungeon.
You were a tree.
You visited 1 branch of the dungeon, and saw 4 of its levels.

You collected 126 gold pieces.

Inventory:

Hand Weapons
 a - a +0 spear (weapon)
Missiles
 d - 5 boomerangs of dispersal
 e - 40 arrows
 f - 42 stones
 k - 6 curare-tipped darts
 l - 24 sling bullets
 q - 15 poisoned darts (quivered)
 t - 3 boomerangs
Armour
 b - a +0 leather armour (melded)
 j - a scarf of shadows (melded)
 w - a +1 scale mail of fire resistance
Magical Staves
 y - a staff of death
Jewellery
 z - an amulet of magic regeneration (around neck)
Wands
 h - a wand of flame (22)
Scrolls
 c - 3 scrolls of blinking
 g - a scroll of noise {unknown}
 m - a scroll of enchant weapon {unknown}
 o - a scroll of teleportation {unknown}
 r - 3 scrolls of identify {unknown}
 u - a scroll of vulnerability {unknown}
 x - a scroll of fear {unknown}
 A - a scroll of immolation {unknown}
Potions
 i - a potion of lignification
 n - a potion of degeneration {unknown}
 p - a potion of might {unknown}
 s - a potion of brilliance {unknown}
 v - a potion of flight {unknown}


   Skills:
 + Level 5.0 Fighting
 + Level 2.1 Short Blades
 + Level 2.1 Long Blades
 + Level 2.1 Axes
 + Level 2.1 Maces & Flails
 + Level 5.0 Polearms
 + Level 2.1 Staves
 + Level 2.1 Slings
 + Level 2.1 Bows
 + Level 2.1 Crossbows
 + Level 3.3 Throwing
 + Level 3.3 Armour
 + Level 5.0 Dodging
 + Level 2.1 Stealth
 + Level 2.1 Shields
 + Level 2.1 Unarmed Combat
 + Level 5.4 Spellcasting
 + Level 1.7 Conjurations
 + Level 1.7 Hexes
 + Level 1.7 Summonings
 + Level 1.7 Necromancy
 + Level 5.7 Translocations
 + Level 1.7 Transmutations
 + Level 1.7 Fire Magic
 + Level 1.7 Ice Magic
 + Level 1.7 Air Magic
 + Level 1.7 Earth Magic
 + Level 1.7 Poison Magic
 + Level 2.3 Invocations
 + Level 2.1 Evocations


You had 13 spell levels left.
You knew the following spells:

 Your Spells              Type           Power      Damage    Failure   Level
a - Blink                 Tloc           36%        N/A       2%          2

Your spell library contained the following spells:

 Spells                   Type           Power      Damage    Failure   Level
 Gell's Gravitas          Tloc           18%        N/A       4%          3
 Lesser Beckoning         Tloc           18%        N/A       4%          3
 Teleport Other           Tloc           18%        N/A       4%          3
 Ignite Poison            Fire/Tmut/Pois 8%         N/A       26%         3
 Mephitic Cloud           Conj/Pois/Air  8%         N/A       26%         3
 Manifold Assault         Tloc           18%        N/A       43%         5
 Freezing Cloud           Conj/Ice/Air   4%         6-21      94%         5


Dungeon Overview and Level Annotations

Branches:
Dungeon (4/15)
 Temple: D:4-7

Altars:
Dithmenos
Zin

Shops:
D:1 (

Annotations:
D:3 exclusion: downstairs
D:4 Dowan, Duvessa, Grinder


Innate Abilities, Weirdness & Mutations

You are a tree.
Your roots penetrate the ground, keeping you stationary.
You cannot be teleported.
You are immune to unholy pain and torment.
Your maximum health is greatly increased.
Your equipment is partially melded.
((You have very sharp teeth.))
Your uncanny sense of smell can sniff out nearby items.
Your experience applies equally to all skills.


Message History

You are too injured to fight recklessly!
You are too injured to fight recklessly!
You barely miss the scorpion.
The scorpion is severely wounded.
You feel sick. The scorpion stings you!
You hit the scorpion but do no damage.
The scorpion is severely wounded.
You feel sick.
The scorpion stings you but does no damage.
You hit the scorpion. Your bite misses the scorpion.
The scorpion is severely wounded.
You feel sick. The scorpion stings you.
* * * LOW HITPOINT WARNING * * *
You are lethally poisoned!
The scorpion poisons you! The scorpion misses you.
You barely miss the scorpion.
The scorpion is severely wounded.
* * * LOW HITPOINT WARNING * * *
You feel very sick. The scorpion misses you.
It was a potion of lignification.
You turn into a tree.
Your scarf of shadows melds into your body.
Your +0 leather armour melds into your body.
The dungeon's light returns to normal.
Your roots penetrate the ground.
* * * LOW HITPOINT WARNING * * *
You feel very sick.
The scorpion stings you but does no damage.
You hit the scorpion.
The scorpion is almost dead.
* * * LOW HITPOINT WARNING * * *
You feel sick.
The scorpion stings you but does no damage.
You closely miss the scorpion.
The scorpion is almost dead.
* * * LOW HITPOINT WARNING * * *
You feel very sick.
The scorpion stings you but does no damage.
You hit the scorpion but do no damage.
The scorpion is almost dead.
You die...

####..#.##..
##.#...#.....
##..#..........#
........... ...
......... ....
##.....# #§...
##......##.....
###...†♣s.#......
#...#.....<...#
##.#..##†......#
..
#..#........#.##
.
##..........##..#
######
#..#......#.# ...
.......
#..##.##.....
.$.#.......
#...####.##.##
.......... ####
#.....#### .##
....#.....


You could see a scorpion.

Vanquished Creatures
  A necrophage (D:3)
  2 hounds (D:4)
  A jelly (D:3)
  An orc priest (D:3)
  3 gnolls
  6 adders
  An ufetubus (D:4)
  An adder skeleton (D:4)
  3 worms
  11 orcs (D:3)
  6 endoplasms
  2 giant cockroaches (D:1)
  7 goblins
  6 hobgoblins
  5 jackals
  7 kobolds
  2 quokkas
  3 ball pythons
  9 bats
  3 frilled lizards
  A rat (D:2)
81 creatures vanquished.

Notes
Turn   | Place    | Note
-------+----------+-------------------------------------------
     0 | D:1      | Ablot the Gnoll Warper began the quest for the Orb.
     0 | D:1      | Reached XP level 1. HP: 20/20 MP: 6/6
   456 | D:1      | Reached XP level 2. HP: 24/26 MP: 7/7
   494 | D:1      | Learned a level 2 spell: Blink
   947 | D:1      | Reached XP level 3. HP: 25/31 MP: 9/9
  1088 | D:1      | Reached skill level 5 in Spellcasting
  1120 | D:1      | Found Edoboaz's Weapon Shop.
  1352 | D:1      | Reached skill level 1 in Invocations
  1405 | D:2      | Found a faded altar of an unknown god.
  1485 | D:2      | Reached skill level 1 in Short Blades
  1485 | D:2      | Reached skill level 1 in Long Blades
  1485 | D:2      | Reached skill level 1 in Axes
  1485 | D:2      | Reached skill level 1 in Maces & Flails
  1485 | D:2      | Reached skill level 1 in Staves
  1485 | D:2      | Reached skill level 1 in Slings
  1485 | D:2      | Reached skill level 1 in Bows
  1485 | D:2      | Reached skill level 1 in Crossbows
  1485 | D:2      | Reached skill level 1 in Stealth
  1485 | D:2      | Reached skill level 1 in Shields
  1485 | D:2      | Reached skill level 1 in Unarmed Combat
  1485 | D:2      | Reached skill level 1 in Evocations
  1704 | D:2      | Reached XP level 4. HP: 38/38 MP: 11/11
  2334 | D:2      | Reached skill level 1 in Conjurations
  2334 | D:2      | Reached skill level 1 in Hexes
  2334 | D:2      | Reached skill level 1 in Summonings
  2334 | D:2      | Reached skill level 1 in Necromancy
  2334 | D:2      | Reached skill level 1 in Transmutations
  2334 | D:2      | Reached skill level 1 in Fire Magic
  2334 | D:2      | Reached skill level 1 in Ice Magic
  2334 | D:2      | Reached skill level 1 in Air Magic
  2334 | D:2      | Reached skill level 1 in Earth Magic
  2334 | D:2      | Reached skill level 1 in Poison Magic
  2543 | D:3      | Reached XP level 5. HP: 43/43 MP: 12/12
  2903 | D:3      | Found a glowing silver altar of Zin.
  2919 | D:3      | Found a shadowy altar of Dithmenos.
  3482 | D:3      | Noticed a necrophage
  3499 | D:3      | Killed a necrophage
  3500 | D:3      | Reached XP level 6. HP: 28/50 MP: 14/14
  3935 | D:4      | Reached skill level 5 in Fighting
  3935 | D:4      | Reached skill level 5 in Polearms
  3935 | D:4      | Reached skill level 5 in Dodging
  3972 | D:4      | Noticed Grinder
  4427 | D:4      | Noticed Duvessa
  4427 | D:4      | Noticed Dowan
  4707 | D:4      | HP: 1/76 [poisoned by a scorpion]
  4708 | D:4      | Succumbed to a scorpion's poison

Illustrated notes

Levels and vault maps discovered:
D:1:      tarquinn_simple_flora_water_c, layout_basic, serial_shops,
          nicolae_shop_bloodbath_and_beyond, st_stairs_11,
          hangedman_decor_points
D:2:      layout_rooms, ebering_ecumenical_altar_abandoned
D:3:      minmay_diamond_boxcup, layout_loops_ring,
          mainiacjoe_overflow_catwalk_spiral
D:4:      layout_cave_pools, yredelemnul_forgotten_temple_becter, uniq_grinder,
          uniq_duvessa

Skill      XL: |  1  2  3  4  5  6 |
---------------+-------------------+-----
Spellcasting   | 5 |  5.4
Invocations    | 1 2 |  2.3
Short Blades   | 1 2 |  2.1
Long Blades    | 1 2 |  2.1
Axes           | 1 2 |  2.1
Maces & Flails | 1 2 |  2.1
Staves         | 1 2 |  2.1
Slings         | 1 2 |  2.1
Bows           | 1 2 |  2.1
Crossbows      | 1 2 |  2.1
Stealth        | 1 2 |  2.1
Shields        | 1 2 |  2.1
Unarmed Combat | 1 2 |  2.1
Evocations     | 1 2 |  2.1
Conjurations   | 1 |  1.7
Hexes          | 1 |  1.7
Summonings     | 1 |  1.7
Necromancy     | 1 |  1.7
Transmutations | 1 |  1.7
Fire Magic     | 1 |  1.7
Ice Magic      | 1 |  1.7
Air Magic      | 1 |  1.7
Earth Magic    | 1 |  1.7
Poison Magic   | 1 |  1.7
Throwing       | 3 |  3.3
Armour         | 3 |  3.3
Fighting       | 5 |  5.0
Polearms       | 5 |  5.0
Dodging        | 5 |  5.0
Translocations | |  5.7

Action                   |  1- 3 |  4- 6 || total
-------------------------+-------+-------++-------
Melee: Spear             |   152 |   307 ||   459
       Bite              |    13 |    33 ||    46
       Punch             |     1 |     7 ||     8
Throw: Dart              |       |     5 ||     5
 Cast: Blink             |       |     1 ||     1
  Use: Potion            |       |     1 ||     1
 Stab: Sleeping          |       |     1 ||     1
Armor: Leather armour    |     3 |    14 ||    17
       Ring mail         |    47 |    48 ||    95
       Skin              |       |     3 ||     3
Dodge: Dodged            |    79 |   140 ||   219
